Match 39749645
Unlisted

Match 39749645
End
Construct Infanterie Kompanie
Selects Italian Coastal Battlegroup
Selects Coastal Reserves
Coastal Reserve
Coastal Reserve
Coastal Reserve
Coastal Reserve
Construct Luftwaffe Kompanie
MG 42 Machine Gun Team
Selects Support Bunkers
Medical Bunker
Support Elements
Wirbelwind Flakpanzer
Selects Rapid Fortifications
Rapid Fortifications
MG 42 Bunker
MG 42 Bunker
MG 42 Bunker
Pioneer Squad
MG 42 Bunker
Selects Bulwark
Selects Artillery Officer
MG 42 Bunker
KoalaImpala
Tanith's Finest
Blue Gamer
Arse-out Arnold
0
0

Comments sign in to comment!

No comments posted yet!